 Dungeon Crawl Stone Soup version 0.19.5 (webtiles) character file.

322 dngmouse the Shield-Bearer (level 6, -2/56 HPs)
             Began as a Minotaur Fighter on Mar 30, 2017.
             Slain by an adder (3 damage)
             ... on level 4 of the Dungeon.
             The game lasted 00:05:33 (2448 turns).

dngmouse the Shield-Bearer (Minotaur Fighter)       Turns: 2448, Time: 00:05:34

Health: -2/56      AC:  9    Str: 21    XL:     6   Next: 22%
Magic:  5/5        EV:  7    Int:  5    God:
Gold:   164        SH: 10    Dex: 11    Spells: 0 memorised, 5 levels left

rFire  . . .     SeeInvis .     a - +0 flail
rCold  . . .     Gourm    .     b - +0 scale mail
rNeg   . . .     Faith    .     c - +0 shield
rPois  .         Spirit   .     (helmet restricted)
rElec  .         Reflect  .     (no cloak)
rCorr  +         Harm     .     p - +0 pair of gloves
MR     .....                    C - +0 pair of boots
Stlth  ..........               q - amulet of magic regeneration
                                A - ring of wizardry
                                s - ring of resist corrosion

@: lethally poisoned (-2 -> -4)
A: retaliatory headbutt, horns 2
a: no special abilities


You were on level 4 of the Dungeon.
You were hungry.

You visited 1 branch of the dungeon, and saw 4 of its levels.

You collected 164 gold pieces.

Inventory:

Hand Weapons
 a - a +0 flail (weapon)
Armour
 b - a +0 scale mail (worn)
 c - a +0 shield (worn)
 p - a +0 pair of gloves (worn)
 C - a +0 pair of boots (worn)
Jewellery
 q - an amulet of magic regeneration (around neck)
 s - a ring of resist corrosion (left hand)
 A - a ring of wizardry (right hand)
 G - an uncursed ring of fire
Wands
 x - a wand of slowing (35/48)
 E - a wand of slowing (25/48)
Scrolls
 e - a scroll of enchant weapon {unknown}
 g - a scroll of enchant armour {unknown}
 i - 2 scrolls of identify
 o - a scroll of recharging {unknown}
 u - a scroll of blinking {unknown}
 w - 2 scrolls of fog {unknown}
 y - a scroll of remove curse {unknown}
 B - a scroll of fear {unknown}
 F - a scroll of magic mapping {unknown}
Potions
 d - 3 potions of might
 h - a potion of heal wounds {unknown}
 j - 2 potions of degeneration {unknown}
 m - a potion of haste {unknown}
 n - a potion of lignification {unknown}
 t - a potion of cancellation {unknown}
 v - a potion of invisibility {unknown}
 z - a potion of curing {unknown}
Comestibles
 f - 3 bread rations
 k - a meat ration
 l - a beef jerky
 r - a royal jelly
 D - a chunk of flesh


   Skills:
 + Level 5.0 Fighting
 * Level 5.1 Maces & Flails
 + Level 4.8 Armour
 + Level 5.1 Shields


You had 5 spell levels left.
You didn't know any spells.

Dungeon Overview and Level Annotations

Branches:
Dungeon (4/15)
 Temple: D:4-7

Altars:
Cheibriados
Makhleb
Qazlal
Vehumet
Xom
The Shining One

Annotations:
D:3 exclusion: upstairs


Innate Abilities, Weirdness & Mutations

You reflexively headbutt those who attack you in melee.
You have a pair of horns on your head.


Message History

The phantom hits you.
* * * LOW HITPOINT WARNING * * *
You are feeling hungry.
Your shield and scale mail prevent you from hitting the phantom.
The phantom is heavily damaged.
You feel sick. The adder bites you but does no damage.
You block the adder's attack.
The phantom blinks!
Unknown command.
A hound comes into view.
The hound barks!
The phantom blinks!
You block the adder's attack.
You see here 3 chunks of flesh.
You barely miss the hound.
You feel sick. The hound bites you.
* * * LOW HITPOINT WARNING * * *
The adder bites you but does no damage. You block the hound's attack.
You sock the hound! Your headbutt misses the hound.
The hound is heavily wounded.
The adder bites you but does no damage. You block the hound's attack.
The adder bites you.
You die...

########
..##########.......
......w.ooS@W#
..##########h# #.#
###.###############
#.....>............
#......#######......
#..#...# #.#####
#....... #.#
#........ #.#


You could see a phantom, a worm, a hound, an adder and 2 orcs.

Vanquished Creatures
  A crimson imp (D:3)
  A quasit (D:3)
  2 orc wizards (D:3)
  2 worker ants (D:4)
  5 adders
  An adder skeleton (D:3)
  3 dart slugs
  2 worms
  2 leopard geckos
  6 orcs
  9 giant cockroaches
  3 goblins
  7 hobgoblins
  11 jackals
  3 quokkas
  A ball python (D:3)
  8 bats
  8 frilled lizards
  9 kobolds
  5 rats
89 creatures vanquished.

Notes
Turn   | Place    | Note
-------+----------+-------------------------------------------
     0 | D:1      | dngmouse the Minotaur Fighter began the quest for the Orb.
     0 | D:1      | Reached XP level 1. HP: 19/19 MP: 0/0
    99 | D:1      | Reached XP level 2. HP: 21/27 MP: 1/1
   583 | D:2      | Reached XP level 3. HP: 32/33 MP: 2/2
   848 | D:2      | You fall through a shaft for 2 floors!
   943 | D:2      | Reached XP level 4. HP: 40/40 MP: 3/3
  1236 | D:2      | Found a stormy altar of Qazlal.
  1504 | D:3      | Found a glowing golden altar of the Shining One.
  1552 | D:3      | Reached XP level 5. HP: 45/47 MP: 4/4
  1785 | D:3      | Found a shimmering altar of Xom.
  1896 | D:3      | Found a radiant altar of Vehumet.
  1897 | D:3      | Found a burning altar of Makhleb.
  1919 | D:3      | Reached skill level 5 in Fighting
  1919 | D:3      | Reached skill level 5 in Shields
  2095 | D:3      | Found a snail-covered altar of Cheibriados.
  2100 | D:3      | Reached XP level 6. HP: 56/56 MP: 5/5
  2368 | D:4      | Reached skill level 5 in Maces & Flails
  2447 | D:4      | HP: 1/56 [hound (2)]
  2448 | D:4      | Slain by an adder

Skill      XL: |  1  2  3  4  5  6 |
---------------+-------------------+-----
Shields        | 4 5 |  5.1
Armour         | 4 |  4.8
Maces & Flails | 3 4 5 |  5.1
Fighting       | 4 5 |  5.0

Action                   |  1- 3 |  4- 6 || total
-------------------------+-------+-------++-------
Melee: Flail             |   109 |   169 ||   278
       Headbutt          |    17 |    18 ||    35
  Use: Scroll            |       |     1 ||     1
  Eat: Chunk             |       |     5 ||     5
Armor: Scale mail        |    56 |   115 ||   171
Dodge: Dodged            |    49 |    71 ||   120
Block: Shield            |    68 |   104 ||   172
